Map: Oxide LE

Players

TeebuL - Winner!

  • Race: Protoss Protoss

RiSky

  • Race: Zerg Zerg

Event: DreamHack SC2 Masters 2021 Winter

VOD

Have the link to the VOD?

Description

Time

  • Played on: Sept. 30, 2021, 6:29 a.m.
  • Length: 21:27

All games in this series

Show
View Real Time Build Order
Export as new Build Order

TeebuL Protoss - Winner!

Build Orders: 1 Gate Expand, Carriers, Mass Phoenix 

Get SALT Encoding   

  12  0:00  Probe  
  13  0:12  Probe  
  14  0:18  Pylon  
  14  0:24  Probe  
  15  0:31  Assimilator  
  15  0:36  Probe (Chrono Boost)  
  16  0:46  Probe (Chrono Boost)  
  17  0:50  Gateway  
  17  0:51  Probe (Chrono Boost)  
  18  1:03  Probe  
  19  1:15  Probe  
  20  1:24  Nexus  
  20  1:37  Cybernetics Core  
  20  1:39  Probe  
  21  1:42  Assimilator  
  21  1:51  Probe, Pylon  
  22  2:03  Probe  
  23  2:11  Adept (Chrono Boost)  
  23  2:15  Probe  
  26  2:18  Stargate  
  26  2:27  Probe (Chrono Boost)  
  27  2:33  Adept  
  30  2:39  Protoss Air Weapons Level 1, Probe (Chrono Boost)  
  30  2:42  Probe (Chrono Boost)  
  31  2:44  Probe (Chrono Boost)  
  31  2:49  Probe  
  33  2:52  Void Ray (Chrono Boost)  
  33  2:54  Probe  
  34  3:01  Probe  
  39  3:06  Probe  
  39  3:09  Pylon  
  40  3:13  Probe  
  40  3:18  Probe  
  40  3:19  Void Ray (Chrono Boost)  
  42  3:20  Gateway  
  42  3:25  Probe  
  43  3:30  Probe  
  48  3:37  Probe  
  49  3:42  Probe  
  50  3:49  Probe  
  50  3:54  Nexus, Probe  
  52  4:00  Pylon  
  52  4:01  Probe  
  53  4:04  Stargate  
  53  4:10  Probe  
  53  4:12  Assimilator  
  53  4:14  Assimilator  
  54  4:18  Probe  
  54  4:22  Probe  
  38  4:24  Phoenix (Chrono Boost), Shield Battery  
  56  4:29  Shield Battery  
  56  4:30  Probe  
  59  4:36  Probe  
  60  4:40  Phoenix (Chrono Boost)  
  60  4:41  Pylon  
  62  4:54  Pylon  
  62  4:58  Phoenix (Chrono Boost)  
  62  4:59  Probe x2  
  66  5:02  Phoenix (Chrono Boost)  
  66  5:04  Warp Gate  
  68  5:09  Probe  
  68  5:10  Adept  
  68  5:11  Probe x2  
  73  5:14  Phoenix (Chrono Boost)  
  73  5:15  Adept  
  73  5:21  Probe  
  77  5:23  Probe x2  
  77  5:26  Phoenix (Chrono Boost)  
  81  5:33  Probe  
  81  5:35  Forge  
  82  5:36  Probe x2  
  82  5:37  Pylon  
  84  5:45  Probe  
  84  5:48  Probe x2  
  87  5:50  Phoenix  
  87  5:55  Phoenix  
  91  5:57  Probe  
  91  6:00  Adept, Probe x2, Shield Battery  
  91  6:01  Adept  
  98  6:13  Probe  
  98  6:17  Twilight Council  
  99  6:20  Gateway, Probe  
  99  6:22  Assimilator  
  99  6:23  Gateway, Assimilator  
  99  6:24  Protoss Ground Weapons Level 1 (Chrono Boost)  
  100  6:25  Gateway  
  100  6:28  Pylon  
  100  6:29  Photon Cannon  
  100  6:33  Probe  
  100  6:36  Robotics Facility  
  101  6:41  Pylon x2  
  101  6:45  Pylon  
  101  6:46  Probe x2  
  99  7:04  Charge (Chrono Boost)  
  99  7:05  Photon Cannon, Shield Battery  
  99  7:09  Photon Cannon x2  
  99  7:10  Zealot x2  
  99  7:14  Photon Cannon  
  103  7:18  Probe x3  
  106  7:24  Immortal  
  106  7:25  Robotics Bay  
  106  7:28  Gateway  
  110  7:30  Gateway, Probe  
  110  7:33  Probe x2, Templar Archives  
  113  7:43  Gateway  
  113  7:44  Pylon  
  113  7:45  Gateway  
  113  7:46  Pylon  
  109  8:08  Disruptor (Chrono Boost)  
  112  8:13  High Templar x2  
  112  8:14  High Templar  
  112  8:15  Zealot, High Templar  
  112  8:17  Pylon  
  112  8:18  Pylon  
  112  8:19  Pylon  
  122  8:21  Robotics Facility  
  122  8:23  Archon  
  122  8:24  Archon, Pylon  
  122  8:26  Pylon  
  118  8:36  Disruptor (Chrono Boost), High Templar  
  118  8:37  Zealot, Protoss Ground Weapons Level 2 (Chrono Boost), High Templar  
  127  8:47  Pylon  
  127  8:48  Pylon  
  127  8:49  Pylon  
  127  8:50  Zealot x6  
  127  8:52  Pylon  
  139  8:57  Archon  
  139  9:03  Disruptor (Chrono Boost)  
  139  9:08  Observer (Chrono Boost)  
  143  9:14  High Templar x2  
  143  9:16  Zealot x7  
  161  9:22  Disruptor (Chrono Boost)  
  163  9:26  Archon  
  163  9:37  Zealot x2  
  163  9:38  Zealot x4  
  171  9:41  Disruptor (Chrono Boost)  
  174  9:52  Pylon  
  170  9:54  Photon Cannon, Nexus, Shield Battery  
  170  9:56  Photon Cannon x2, Pylon  
  170  9:57  Pylon  
  170  9:58  Disruptor (Chrono Boost)  
  170  10:05  High Templar x2  
  173  10:07  Warp Prism (Chrono Boost)  
  173  10:09  Archon  
  139  10:28  Photon Cannon  
  139  10:29  High Templar x2  
  139  10:31  Photon Cannon, Probe x2  
  139  10:32  Shield Battery  
  139  10:33  Archon, High Templar  
  139  10:34  Photon Cannon, High Templar  
  147  10:36  Zealot x3  
  147  10:39  Pylon  
  147  10:42  Archon  
  153  10:47  Zealot x2  
  155  10:58  Zealot x3  
  159  11:07  Zealot x5  
  159  11:08  Zealot  
  161  11:16  Sentry  
  155  11:23  Zealot x4  
  161  11:28  Zealot x4  
  149  11:43  High Templar x5  
  149  11:48  Archon x2  
  149  11:49  High Templar x2  
  149  11:53  Zealot  
  155  11:55  High Templar  
  155  11:56  Archon  
  157  12:01  Photon Cannon  
  157  12:02  Photon Cannon, Assimilator x2  
  157  12:03  Photon Cannon  
  157  12:06  Archon  
  157  12:09  Nexus  
  157  12:14  Zealot, Pylon  
  157  12:15  Zealot x5  
  161  12:32  Zealot x3  
  160  12:37  Zealot x6  
  162  12:53  Fleet Beacon  
  162  12:57  Zealot x3  
  162  12:58  Zealot x6  
  170  13:08  Immortal x2  
  176  13:17  Probe  
  177  13:20  High Templar x6  
  187  13:40  Stargate  
  185  13:50  Zealot x3  
  185  13:51  Photon Cannon  
  185  13:52  Photon Cannon  
  185  13:54  Photon Cannon  
  191  13:57  Shield Battery  
  191  13:58  Shield Battery  
  179  14:05  High Templar x4  
  179  14:07  Probe x5  
  186  14:10  Assimilator  
  186  14:14  Assimilator  
  184  14:18  Zealot x5  
  184  14:19  Probe x5  
  195  14:31  Probe x3  
  195  14:32  Protoss Air Weapons Level 2 (Chrono Boost)  
  189  14:44  Zealot x8, Observer  
  199  14:49  Psionic Storm  
  191  15:07  Zealot x4  
  197  15:16  Archon x2  
  197  15:21  Observer  
  187  15:22  Carrier  
  191  15:29  Zealot x4  
  193  15:49  Mothership (Chrono Boost)  
  193  15:54  Zealot x4  
  195  16:01  High Templar x4  
  197  16:06  Photon Cannon  
  197  16:07  Pylon x2  
  197  16:13  Carrier (Chrono Boost)  
  185  16:21  Carrier (Chrono Boost), Nexus, Pylon  
  197  16:31  Observer (Chrono Boost)  
  198  16:35  Observer (Chrono Boost)  
  199  16:41  Photon Cannon  
  199  16:42  Photon Cannon  
  199  16:43  Photon Cannon  
  199  16:44  Photon Cannon  
  199  16:46  Shield Battery x2  
  199  16:52  Observer (Chrono Boost)  
  200  17:31  Protoss Air Weapons Level 3 (Chrono Boost)  
  191  17:42  Blink (Chrono Boost)  
  187  17:48  Flux Vanes  
  187  17:49  Void Ray x2 (Chrono Boost)  
  187  17:50  Stalker x9  
  197  18:06  Assimilator  
  197  18:07  Assimilator  
  197  18:11  Photon Cannon  
  197  18:12  Photon Cannon  
  197  18:14  Photon Cannon  
  197  18:15  High Templar  
  197  18:16  High Templar x4  
  183  18:38  Zealot x4  
  191  18:42  Void Ray (Chrono Boost)  
  161  18:49  Carrier x2 (Chrono Boost)  
  173  19:02  Pylon  
  173  19:14  Stalker  
  173  19:15  Stalker x8  
  173  19:16  Carrier (Chrono Boost)  
  197  19:40  Photon Cannon x2  
  197  19:43  Pylon  
  197  19:47  Zealot  
  197  19:54  Dark Shrine  
  195  20:10  Zealot x3  
  199  20:21  Stargate x2  
  199  20:22  Stargate  
  186  20:46  Archon x2  
  186  20:47  Stalker x2  
  186  20:48  Stalker x5  
  200  21:20  Nexus  
Show
View Real Time Build Order
Export as new Build Order

RiSky Zerg 

Build Orders: Hatch First, Lurkers 

Get SALT Encoding   

  12  0:00  Drone  
  13  0:11  Overlord  
  13  0:16  Drone  
  14  0:30  Drone x2  
  16  0:47  Hatchery  
  15  0:51  Drone  
  15  0:54  Drone  
  17  0:57  Drone  
  18  1:08  Extractor  
  17  1:12  Spawning Pool  
  17  1:15  Drone  
  17  1:18  Drone  
  18  1:27  Drone  
  19  1:38  Drone  
  20  1:48  Overlord  
  20  1:59  Zergling x4, Queen  
  20  2:00  Queen  
  26  2:10  Drone  
  26  2:11  Drone  
  26  2:12  Metabolic Boost  
  28  2:24  Drone x2  
  30  2:35  Drone  
  30  2:36  Hatchery  
  30  2:41  Queen  
  32  2:46  Overlord  
  32  2:53  Drone  
  33  3:03  Drone  
  34  3:06  Drone  
  34  3:10  Drone  
  34  3:11  Drone  
  37  3:13  Drone  
  37  3:17  Drone x2, Queen, Overlord  
  42  3:20  Drone  
  42  3:24  Drone  
  44  3:35  Queen  
  44  3:37  Overlord  
  44  3:38  Overlord  
  46  3:50  Queen  
  46  3:51  Zergling x4  
  50  3:56  Queen  
  50  3:58  Spore Crawler  
  50  3:59  Spore Crawler  
  50  4:00  Drone  
  50  4:01  Zergling x2  
  50  4:02  Zergling x2  
  52  4:03  Drone x3  
  52  4:05  Drone  
  52  4:08  Drone  
  57  4:10  Drone x2  
  57  4:14  Drone  
  60  4:18  Roach Warren  
  60  4:22  Drone x3  
  62  4:26  Drone x2  
  62  4:27  Drone  
  62  4:28  Overlord  
  65  4:32  Overlord  
  65  4:35  Overlord  
  65  4:38  Overlord  
  65  4:40  Drone  
  65  4:41  Overlord  
  66  4:47  Drone  
  66  4:48  Drone  
  66  4:51  Drone x4  
  71  4:55  Drone  
  71  4:56  Lair  
  71  4:59  Drone  
  73  5:00  Drone  
  73  5:01  Zergling x4  
  73  5:02  Drone  
  73  5:05  Drone, Extractor  
  73  5:06  Overlord  
  77  5:08  Extractor  
  77  5:11  Queen  
  77  5:13  Overlord  
  78  5:17  Drone x2  
  78  5:19  Drone  
  78  5:21  Drone x4  
  83  5:24  Drone, Overlord  
  83  5:27  Drone, Extractor  
  85  5:28  Queen  
  85  5:31  Extractor  
  85  5:32  Drone, Extractor  
  86  5:37  Drone  
  86  5:40  Roach x4  
  95  5:47  Pneumatized Carapace  
  93  5:55  Spore Crawler  
  93  5:56  Overlord  
  93  5:57  Spore Crawler  
  85  5:59  Queen  
  85  6:02  Hydralisk Den  
  85  6:04  Drone x5, Queen  
  87  6:10  Overlord  
  87  6:15  Drone x5  
  92  6:19  Spore Crawler  
  91  6:26  Spore Crawler  
  91  6:29  Queen  
  91  6:30  Roach x3  
  98  6:33  Roach  
  98  6:34  Roach x2  
  98  6:37  Queen  
  98  6:39  Overlord  
  103  6:50  Overlord  
  102  6:55  Overlord  
  102  6:57  Grooved Spines  
  102  6:59  Overlord  
  102  7:00  Overlord  
  102  7:04  Overlord  
  102  7:10  Hatchery  
  102  7:12  Drone x9  
  102  7:14  Drone  
  102  7:15  Drone  
  112  7:17  Drone  
  112  7:22  Drone x2  
  113  7:23  Drone  
  113  7:26  Drone  
  113  7:27  Drone  
  116  7:32  Evolution Chamber  
  116  7:34  Baneling Nest  
  116  7:36  Queen  
  115  7:38  Drone  
  115  7:40  Hydralisk x3  
  122  7:46  Spore Crawler  
  122  7:51  Hydralisk x6  
  120  7:52  Hydralisk  
  131  7:58  Hydralisk x2  
  131  8:05  Hydralisk  
  133  8:08  Muscular Augments  
  133  8:10  Glial Reconstitution  
  135  8:13  Overlord x2  
  135  8:16  Roach x3  
  135  8:18  Centrifugal Hooks  
  135  8:19  Zerg Missile Weapons Level 1  
  140  8:31  Drone x2  
  140  8:33  Drone x8  
  150  8:39  Zergling x4  
  151  8:42  Zergling x4  
  151  8:43  Zergling x4  
  155  8:48  Spore Crawler  
  155  8:49  Zergling x2  
  155  8:50  Spore Crawler  
  155  8:55  Zergling x12  
  160  9:01  Baneling x12  
  160  9:04  Infestation Pit  
  160  9:07  Zergling x14  
  166  9:13  Overlord  
  166  9:19  Hatchery  
  165  9:27  Extractor  
  164  9:33  Zergling x6  
  164  9:34  Zergling x16  
  164  9:37  Extractor  
  172  9:46  Hive  
  172  9:47  Zergling x18  
  172  9:52  Zergling x2  
  174  10:05  Zergling x10  
  174  10:06  Zergling x4  
  177  10:12  Lurker Den  
  162  10:16  Zergling x20  
  168  10:23  Zergling x2  
  168  10:24  Zergling x2  
  168  10:25  Zerg Missile Weapons Level 2  
  170  10:28  Evolution Chamber  
  170  10:32  Spine Crawler  
  170  10:34  Zergling x14, Spine Crawler x2  
  173  10:38  Baneling  
  173  10:39  Baneling x3, Spine Crawler  
  173  10:40  Spine Crawler  
  173  10:41  Spine Crawler  
  173  10:42  Drone x10  
  174  10:59  Zergling x18  
  170  11:12  Zergling x2  
  170  11:13  Zergling x22  
  167  11:21  Zerg Ground Armor Level 1  
  167  11:25  Zergling x16  
  172  11:28  Hydralisk x4  
  172  11:34  Hydralisk  
  172  11:35  Hydralisk x7  
  175  11:40  Hydralisk  
  175  11:41  Hydralisk x4  
  175  11:46  Hydralisk x2  
  184  11:52  Lurker x5  
  184  11:53  Hatchery  
  188  11:57  Extractor  
  188  11:58  Extractor  
  187  12:01  Viper x2  
  187  12:02  Viper  
  187  12:03  Hatchery  
  195  12:13  Drone x4  
  195  12:14  Drone  
  195  12:15  Spore Crawler  
  199  12:19  Lurker  
  168  12:31  Hydralisk x4  
  168  12:32  Hydralisk x10  
  168  12:36  Adrenal Glands  
  181  12:51  Lurker x11  
  184  13:11  Spire  
  184  13:12  Zerg Missile Weapons Level 3  
  183  13:14  Viper x2  
  189  13:25  Hydralisk x13  
  180  14:10  Seismic Spines  
  180  14:16  Viper x3  
  176  14:36  Zergling x42  
  195  14:41  Hydralisk x4  
  171  15:06  Lurker x2  
  171  15:07  Adaptive Talons, Lurker x3  
  167  15:18  Hydralisk x12  
  148  15:31  Viper x3  
  156  15:37  Hatchery  
  156  15:38  Queen x2  
  156  15:39  Queen  
  156  15:40  Queen, Spine Crawler  
  160  15:53  Greater Spire  
  160  15:56  Zergling x18  
  167  16:17  Corruptor x10  
  178  16:23  Hydralisk x3  
  178  16:44  Lurker x3  
  171  17:09  Brood Lord x6  
  168  17:21  Brood Lord  
  167  17:24  Zergling x30  
  181  17:34  Corruptor x3  
  182  17:40  Corruptor  
  183  17:50  Corruptor  
  184  17:56  Extractor  
  184  17:58  Corruptor  
  183  18:02  Drone x10  
  194  18:16  Hatchery  
  187  18:32  Viper x2  
  181  18:51  Hydralisk x5  
  167  18:57  Overseer x2  
  167  19:01  Zergling x26  
  158  19:11  Lurker x6  
  158  19:13  Hydralisk x2  
  158  19:16  Hydralisk x2  
  141  19:35  Brood Lord x2  
  145  19:43  Brood Lord  
  147  20:00  Corruptor  
  148  20:09  Brood Lord  

Tags
 
Add a new tag
Caveats
  • Supply blocks, unpowered buildings, or Contaminate may cause inaccurate times.
  • Supply counts are checked every 10 seconds.